 Dungeon Crawl Stone Soup version 0.22.0-75-g3901e79 (webtiles) character file.

523551 Tarasboulda the Executioner (level 24, -2/232 HPs)
             Began as a Minotaur Fighter on Sept 10, 2018.
             Was a Follower of Uskayaw.
             Killed from afar by a hellion (35 damage)
             ... with damnation
             ... summoned by a deep elf demonologist
             ... on level 3 of the Elven Halls on Sept 14, 2018.
             The game lasted 04:45:46 (56920 turns).

Tarasboulda the Executioner (Minotaur Fighter)     Turns: 56920, Time: 04:45:48

Health: -2/232     AC: 44    Str: 31    XL:     24   Next: 19%
Magic:  19/19      EV:  8    Int:  6    God:    Uskayaw [*.....]
Gold:   5836       SH: 24    Dex: 26    Spells: 23/23 levels left

rFire    + + .     SeeInvis .   W - +4 broad axe "Worm" {chop, rElec rPois rN+ Int+3}
rCold    + + .     Gourm    .   Z - +2 shield of Tiolyeda {Regen+ Dex+7}
rNeg     + + .     Faith    .   X - +10 crystal plate armour "Dasidev" {rN+}
rPois    +         Spirit   .   g - +2 hat
rElec    +         Reflect  +   R - +0 cloak of Boiling Hail {rF+++ Int-2 Dex+4}
rCorr    .         Harm     .   a - +2 pair of gloves {Dex+3}
MR       +++++                  E - +2 pair of boots {run}
Stlth    ..........             j - +4 amulet of reflection
HPRegen  0.88/turn              b - ring of protection from magic
MPRegen  0.16/turn              s - ring "Diam" {rPois rF- rC++ MR+++}

@: drained, quick
A: retaliatory headbutt, fangs 1, horns 2, thin metallic scales 1, deformed
body, low mp 1, sense surroundings 1
}: 3/15 runes: serpentine, barnacled, silver
a: Stomp, Renounce Religion


You were on level 3 of the Elven Halls.
You worshipped Uskayaw.
Uskayaw was noncommittal.
You were not hungry.

You visited 8 branches of the dungeon, and saw 40 of its levels.
You visited the Abyss 1 time.
You also visited: Ice Cave and Wizlab.

You collected 6766 gold pieces.
You spent 930 gold pieces at shops.

Inventory:

Hand Weapons
 W - the +4 broad axe "Worm" (weapon) {chop, rElec rPois rN+ Int+3}
   (You acquired it on level 1 of the Vaults)

   It inflicts extra damage upon your enemies.
   It affects your intelligence (+3).
   It insulates you from electricity.
   It protects you from poison.
   It protects you from negative energy.
Missiles
 u - 4 throwing nets
 x - 28 silver javelins
 C - 9 tomahawks of dispersal (quivered)
 I - 16 javelins of penetration
 O - 19 poisoned javelins
Armour
 a - a +2 pair of gloves of dexterity (worn)
 g - a +2 hat (worn)
 E - a +2 pair of boots of running (worn)
 R - the +0 cloak of Boiling Hail (worn) {rF+++ Int-2 Dex+4}
   (Okawaru gifted it to you on level 6 of the Lair of Beasts)

   It affects your intelligence (-2).
   It affects your dexterity (+4).
   It renders you almost immune to fire.
 X - the +10 crystal plate armour "Dasidev" (worn) {rN+}
   (Okawaru gifted it to you on level 12 of the Dungeon)

   It protects you from negative energy.
 Z - the +2 shield of Tiolyeda (worn) {Regen+ Dex+7}
   (You bought it in a shop on level 3 of the Snake Pit)

   It affects your dexterity (+7).
   It increases your rate of regeneration.
Jewellery
 b - a ring of protection from magic (left hand)
 c - an uncursed ring of protection from cold
 d - an uncursed ring of protection from magic
 j - a +4 amulet of reflection (around neck)
 s - the ring "Diam" (right hand) {rPois rF- rC++ MR+++}
   (You found it in an ice cave)

   [ring of poison resistance]

   It makes you vulnerable to fire.
   It greatly protects you from cold.
   It protects you from poison.
   It affects your resistance to hostile enchantments.
 P - an uncursed ring of poison resistance
Wands
 B - a wand of iceblast (26)
 F - a wand of enslavement (15)
 G - a wand of scattershot (5)
 S - a wand of paralysis (31)
 T - a wand of digging (14)
 U - a wand of acid (9)
 V - a wand of clouds (11)
 Y - a wand of disintegration (11)
Scrolls
 i - a scroll of holy word
 l - 19 scrolls of teleportation
 q - 5 scrolls of immolation
 r - 4 scrolls of identify
 v - 16 scrolls of remove curse
 y - a scroll of blinking
 A - 10 scrolls of enchant armour
 D - 3 scrolls of silence
 J - 4 scrolls of amnesia
 L - 10 scrolls of magic mapping
 N - 10 scrolls of enchant weapon
 Q - 4 scrolls of fear
Potions
 e - 6 potions of brilliance
 h - 6 potions of heal wounds
 k - 15 potions of curing
 m - 5 potions of flight
 n - 13 potions of haste
 o - 3 potions of agility
 p - 2 potions of might
 t - 5 potions of ambrosia
 H - 3 potions of resistance
 M - 5 potions of berserk rage
Miscellaneous
 w - 2 phantom mirrors
 z - a lightning rod (4/4)
 K - a box of beasts
Comestibles
 f - 63 rations


   Skills:
 * Level 22.2(21.9) Fighting
 * Level 24.7(24.5) Axes
 + Level 18.2(17.9) Throwing
 + Level 22.2(21.9) Armour
 + Level 21.1(20.8) Shields


You had 23 spell levels left.
You didn't know any spells.
Your spell library contained the following spells:

 Spells                   Type           Power        Failure   Level  Hunger
 Animate Skeleton         Necr           N/A          98%         1    ##.....
 Apportation              Tloc           #.....       98%         1    ##.....
 Confusing Touch          Hex            #.....       98%         1    ##.....
 Corona                   Hex            #......      98%         1    ##.....
 Flame Tongue             Conj/Fire      #....        98%         1    ##.....
 Freeze                   Ice            #...         98%         1    ##.....
 Infusion                 Chrm           #...         98%         1    ##.....
 Magic Dart               Conj           #...         98%         1    ##.....
 Pain                     Necr           #...         98%         1    ##.....
 Sandblast                Erth           #.....       98%         1    ##.....
 Summon Small Mammal      Summ           #...         98%         1    ##.....
 Blink                    Tloc           N/A          99%         2    ###....
 Call Imp                 Summ           #.......     99%         2    ###....
 Ensorcelled Hibernation  Hex/Ice        #.....       99%         2    ###....
 Passwall                 Tmut/Erth      #.......     99%         2    ###....
 Shroud of Golubria       Chrm/Tloc      #.........   99%         2    ###....
 Slow                     Hex            #.......     99%         2    ###....
 Song of Slaying          Chrm           #.......     99%         2    ###....
 Sticks to Snakes         Tmut           #.......     99%         2    ###....
 Swiftness                Chrm/Air       #.......     99%         2    ###....
 Throw Flame              Conj/Fire      #.....       99%         2    ###....
 Throw Frost              Conj/Ice       #.....       99%         2    ###....
 Call Canine Familiar     Summ           #.......     100%        3    ####...
 Confuse                  Hex            #.......     100%        3    ####...
 Conjure Flame            Conj/Fire      #.......     100%        3    ####...
 Gell's Gravitas          Tloc           #.........   100%        3    ####...
 Inner Flame              Hex/Fire       #.......     100%        3    ####...
 Lesser Beckoning         Tloc           #.........   100%        3    ####...
 Mephitic Cloud           Conj/Pois/Air  #.......     100%        3    ####...
 Ozocubu's Armour         Chrm/Ice       #.......     100%        3    ####...
 Portal Projectile        Hex/Tloc       #.....       100%        3    ####...
 Regeneration             Chrm/Necr      #.........   100%        3    ####...
 Spectral Weapon          Hex/Chrm       #.......     100%        3    ####...
 Spider Form              Tmut/Pois      #.........   100%        3    ####...
 Static Discharge         Conj/Air       #.......     100%        3    ####...
 Stone Arrow              Conj/Erth      #.....       100%        3    ####...
 Summon Guardian Golem    Hex/Summ       #.......     100%        3    ####...
 Teleport Other           Tloc           #.......     100%        3    ####...
 Vampiric Draining        Necr           #.........   100%        3    ####...
 Airstrike                Air            #.........   100%        4    #####..
 Animate Dead             Necr           N/A          100%        4    #####..
 Cause Fear               Hex            #.........   100%        4    #####..
 Ice Form                 Ice/Tmut       #.......     100%        4    #####..
 Leda's Liquefaction      Hex/Erth       #.........   100%        4    #####..
 Passage of Golubria      Tloc           N/A          100%        4    #####..
 Petrify                  Tmut/Erth      #.......     100%        4    #####..
 Sticky Flame             Conj/Fire      #.......     100%        4    #####..
 Summon Ice Beast         Ice/Summ       #.......     100%        4    #####..
 Summon Lightning Spire   Summ/Air       #.......     100%        4    #####..
 Throw Icicle             Conj/Ice       #.......     100%        4    #####..
 Agony                    Necr           #.......     100%        5    ######.
 Borgnjor's Vile Clutch   Necr/Erth      #.........   100%        5    ######.
 Fireball                 Conj/Fire      #.........   100%        5    ######.
 Irradiate                Conj/Tmut      #.........   100%        5    ######.
 Lee's Rapid Deconstruct  Erth           #.........   100%        5    ######.
 Metabolic Englaciation   Hex/Ice        #.........   100%        5    ######.
 Silence                  Hex/Air        #.........   100%        5    ######.
 Yara's Violent Unravell  Hex/Tmut       #.........   100%        5    ######.
 Bolt of Cold             Conj/Ice       #.........   100%        6    #######
 Bolt of Fire             Conj/Fire      #.........   100%        6    #######
 Conjure Ball Lightning   Conj/Air       #.........   100%        6    #######
 Darkness                 Hex            #.........   100%        6    #######
 Deflect Missiles         Chrm/Air       #.........   100%        6    #######
 Freezing Cloud           Conj/Ice/Air   #.........   100%        6    #######
 Iron Shot                Conj/Erth      #.........   100%        6    #######
 Ozocubu's Refrigeration  Ice            #.........   100%        6    #######
 Poison Arrow             Conj/Pois      #.........   100%        6    #######
 Shadow Creatures         Summ           N/A          100%        6    #######
 Simulacrum               Ice/Necr       #.........   100%        6    #######
 Statue Form              Tmut/Erth      #........    100%        6    #######
 Dragon Form              Tmut           #.........   100%        7    #######
 Malign Gateway           Summ/Tloc      #.........   100%        7    #######
 Chain Lightning          Conj/Air       #.........   100%        8    #######
 Lehudib's Crystal Spear  Conj/Erth      #.........   100%        8    #######
 Dragon's Call            Summ           #.........   100%        9    #######
 Fire Storm               Conj/Fire      #.........   100%        9    #######
 Glaciate                 Conj/Ice       #.........   100%        9    #######
 Tornado                  Air            #.........   100%        9    #######


Dungeon Overview and Level Annotations

Branches:
Dungeon (15/15)            Temple (1/1) D:7            Lair (6/6) D:11
 Shoals (4/4) Lair:3        Snake (4/4) Lair:4        Slime (0/5) Lair:5
    Orc (2/2) D:11            Elf (3/3) Orc:2        Vaults (5/5) D:14
  Crypt (0/3) Vaults:3     Depths (0/5) D:15

Altars:
Ashenzari
Cheibriados
Dithmenos
Elyvilon
Fedhas
Gozag
Hepliaklqana
Kikubaaqudgha
Makhleb
Nemelex Xobeh
Okawaru
Qazlal
Ru
Sif Muna
Trog
Uskayaw
Vehumet
Wu Jian
Xom
Yredelemnul
Zin
The Shining One
Beogh

Shops:
D:6 *?   D:9 =!*=   D:11 [[=:   Orc:2 *(=[   Elf:2 =   Snake:3 [[[   Vaults:3 %
Vaults:4 %


Innate Abilities, Weirdness & Mutations

You reflexively headbutt those who attack you in melee.
You have a pair of horns on your head.
You have very sharp teeth.
You are partially covered in thin metallic scales. (AC +2)
Armour fits poorly on your strangely shaped body.
Your magical capacity is low. (-10% MP)
You passively map a small area around you.


Message History

The Tzitzimitl bites you but does no damage.
The red devil hits you but does no damage.
The deep elf demonologist gestures wildly while chanting.
You block the neqoxec's attack. The Tzitzimitl gestures at you.
The bolt of negative energy hits you! You partially resist.
You feel drained.
* * * LOW HITPOINT WARNING * * *
The hellion gestures at you.
The sphere of damnation explodes!
The damnation engulfs you!
* * * LOW HITPOINT WARNING * * *
You hear a shout!
You feel much better. You block the orange demon's attack.
You feel much better.
Your surroundings seem slightly different.
The Tzitzimitl calls on the powers of darkness!
The deep elf demonologist convulses!
Your body is wracked with pain!
* * * LOW HITPOINT WARNING * * *
The hellion gestures at you.
The sphere of damnation explodes!
The damnation engulfs you!
You die...

#...###..........####.## ###....
#...................)..###.##...
##..###..#####...........+..##..
#..# #..# ##''####....+...##.
#..# #..# ##..).# #.####....##
#..# #..# ##.....# #.# #.....#
#..# #..###......###.# #......
#..# #.)..'......'...####......
#..# ##.###...@.####....'......
##..####.# ##...## #.####......
#........# ##...## ##.# ##.))))
#...####.###..4.)###..# ##)))#
#...# #...'......)...# ###'#
#...# #.###§114.###..# #...
#...# #.# #2.e3## #..# ###..#
##### ### #..### #### #....#
#≈≈# ###..#


You could see 2 Tzitzimimeh, a deep elf demonologist, an orange demon, a
hellion, a neqoxec and a red devil.

Vanquished Creatures
  2 ancient liches (Vaults:4)
  Sojobo (Vaults:4)
  Boris (Vaults:5)
  Margery (Vaults:5)
  Saint Roka (Elf:3)
  3 golden dragons (Vaults:5)
  2 bone dragons (Abyss:2)
  2 liches
  6 tentacled monstrosities
  A quicksilver dragon (Vaults:5)
  The ghost of Lew the Warrior, an adept GnFi of Okawaru (Snake:4)
  4 deep elf blademasters
  9 titans
  3 deep elf master archers (Vaults:5)
  Polyphemus (Shoals:2)
  An Executioner (Abyss:3)
  17 tentacled starspawn
  2 sphinxes
  An eldritch tentacle (WizLab)
  Frances (D:13)
  4 shadow dragons
  A thorn hunter (Abyss:4)
  3 storm dragons
  5 tengu reavers
  Roxanne (Elf:3)
  3 deep elf sorcerers
  9 nagarajas
  6 orc warlords
  9 frost giants
  14 fire giants
  13 vault wardens
  A cacodemon (Abyss:3)
  3 deep elf elementalists
  19 ironheart preservers
  4 war gargoyles (Vaults:5)
  17 stone giants
  A very ugly thing (Vaults:5)
  Nessos (D:14)
  A vampire knight (Vaults:3)
  2 dire elephants
  2 black draconians
  An entropy weaver (Vaults:5)
  2 deep elf annihilators (Elf:3)
  4 green draconians
  2 deep elf demonologists
  4 purple draconians
  A lorocyproca (Abyss:3)
  5 minotaurs
  4 red draconians
  An eidolon (Abyss:2)
  5 ettins
  6 merfolk javelineers
  2 yellow draconians (Vaults:2)
  7 deep elf death magi
  2 blizzard demons
  12 merfolk impalers
  A crystal guardian (Vaults:1)
  2 great orbs of eyes
  2 fire dragons
  6 deep elf high priests
  4 ice dragons
  12 yaktaur captains
  4 rakshasas
  6 hydras
  17 naga warriors
  2 merfolk avatars
  36 vault guards
  9 centaur warriors
  An anaconda (shapeshifter) (Vaults:4)
  8 anacondas
  6 catoblepae
  2 alligator snapping turtles
  3 merfolk aquamancers (Shoals:4)
  29 large abominations
  3 death knights
  An alligator (shapeshifter) (Vaults:4)
  9 ogre magi
  14 death yaks
  26 dancing weapons
  8 naga sharpshooters
  3 thrashing horrors
  3 hell hogs (Abyss:3)
  A satyr (Abyss:4)
  3 deep troll shamans
  19 two-headed ogres
  2 deep troll earth magi
  2 orc high priests
  Sonja (Lair:1)
  10 hell knights
  24 deep elf knights
  5 shock serpents
  Nergalle (Lair:1)
  2 skeletal warriors
  3 salamander mystics
  A soul eater (WizLab)
  15 small abominations
  4 sixfirhies
  2 glowing orange brains (Vaults:3)
  11 sea snakes
  A spatial maelstrom (Abyss:5)
  A death drake (shapeshifter) (Vaults:2)
  6 wretched stars
  A kraken simulacrum (Shoals:4)
  7 unseen horrors
  10 deep elf archers
  A death drake (Abyss:2)
  A glowing orange brain (shapeshifter) (Abyss:3)
  14 deep trolls
  4 flayed ghosts
  6 naga ritualists
  10 orc knights
  An obsidian statue (WizLab)
  A wolf spider zombie (D:14)
  17 ironbrand convokers
  5 necromancers
  5 wizards
  4 wolf spiders
  A shining eye (shapeshifter) (Elf:3)
  A mana viper (shapeshifter) (Vaults:5)
  14 harpies
  9 orc sorcerers
  6 phantasmal warriors
  10 manticores
  An oklob plant (Lair:3)
  34 ugly things
  A manticore (shapeshifter) (Elf:1)
  A faun (shapeshifter) (Vaults:3)
  62 deep elf magi
  10 mana vipers
  4 cyclopes
  14 salamanders
  6 worldbinders
  Maurice (D:12)
  An elephant (shapeshifter) (Abyss:3)
  3 guardian serpents
  6 water nymphs
  4 centaur zombies
  7 merfolk sirens
  43 black mambas
  10 elephants (Lair:6)
  15 naga magi
  11 vault sentinels
  An ice statue (IceCv)
  3 orange demons (WizLab)
  An apocalypse crab (Abyss:3)
  10 spiny frogs
  2 smoke demons
  A torpor snail (Lair:5)
  2 efreet (Abyss:2)
  A catoblepas zombie (Abyss:2)
  An eye of devastation (Abyss:3)
  35 yaktaurs
  5 centaur skeletons
  11 freezing wraiths
  6 rime drakes
  6 komodo dragons
  4 demonic crawlers
  A rime drake (shapeshifter) (Elf:1)
  2 hellwings
  2 kobold demonologists
  5 ancient zymes
  An ice devil (WizLab)
  A tormentor (Abyss:4)
  36 merfolk
  12 trolls
  A queen bee (Lair:3)
  2 tengu conjurers (D:15)
  23 polar bears
  3 wind drakes
  6 hornets
  2 trolls (shapeshifter)
  8 snapping turtles
  18 blink frogs
  A polar bear (shapeshifter) (Abyss:4)
  19 raiju
  15 slime creatures
  10 dream sheep
  17 hippogriffs
  3 air elementals
  4 flying skulls (Abyss:5)
  A centaur simulacrum (D:14)
  9 wyverns
  10 ynoxinuls
  22 starcursed masses
  5 shadows
  A redback (Vaults:5)
  A fire bat (Abyss:4)
  74 yaks
  15 water elementals
  3 fire elementals
  4 wraiths
  Grum (D:8)
  5 basilisks
  6 neqoxecs
  Eustachio (D:4)
  4 golden eyes (Abyss:5)
  4 vampire mosquitoes
  5 chaos spawn
  A steam dragon (D:10)
  2 spatial vortices
  Edmund (D:4)
  2 insubstantial wisps (WizLab)
  A soldier ant (D:8)
  52 nagas
  11 wargs
  3 acid dragons
  3 hell hounds (Abyss:3)
  A water moccasin (shapeshifter) (Vaults:1)
  Duvessa (D:5)
  13 porcupines
  16 water moccasins
  55 orc warriors
  3 black bears
  2 phantoms
  4 ice beasts
  A necrophage (D:13)
  12 sky beasts
  39 wolves
  4 eyes of draining
  A snapping turtle skeleton (Abyss:4)
  6 boggarts
  26 centaurs
  36 ogres
  18 crocodiles
  9 big kobolds
  2 human skeletons (WizLab)
  17 bullfrogs
  A water moccasin zombie (D:5)
  7 gnoll sergeants
  An earth elemental (Elf:2)
  Dowan (D:5)
  2 wyvern skeletons
  3 scorpions
  47 killer bees
  2 howler monkeys (D:14)
  16 wights
  A raiju skeleton (WizLab)
  3 crimson imps
  2 quasits
  2 bullfrog zombies
  6 hounds
  40 orc wizards
  7 jellies
  31 orc priests
  A bullfrog skeleton (D:12)
  2 iron imps
  Jessica (D:1)
  Natasha (thrice) (D:2)
  Terence (D:2)
  6 iguanas
  10 worker ants
  3 hound skeletons
  A hound zombie (D:9)
  A worker ant zombie (D:8)
  12 gnolls
  A howler monkey skeleton (D:6)
  12 adders
  5 shadow imps
  A white imp (Abyss:4)
  2 ufetubi
  An ooze (D:3)
  3 adder zombies
  An adder skeleton (D:8)
  3 worms
  2 leopard geckos
  136 orcs
  5 giant cockroaches
  21 goblins
  26 hobgoblins
  5 jackals
  24 kobolds
  5 quokkas
  2 ball pythons
  5 bats
  7 frilled lizards
  A jackal skeleton (D:8)
  8 rats
  A butterfly (Lair:6)
  8 crawling corpses
  3 fungi
  2 lurking horrors (Abyss:5)
  15 plants
  13 starspawn tentacles
2255 creatures vanquished.

Vanquished Creatures (collateral kills)
  2 water nymphs (Shoals:3)
2 creatures vanquished.

Vanquished Creatures (others)
  2 deep elf master archers
  A vault warden (Vaults:4)
  A deep elf sorcerer (Vaults:4)
  3 stone giants
  A merfolk impaler (Shoals:4)
  5 merfolk javelineers
  3 yaktaur captains
  A satyr (Shoals:3)
  A naga sharpshooter (Snake:3)
  2 deep elf knights (Elf:1)
  3 deep elf archers
  A deep elf mage (Vaults:4)
  A cyclops (Shoals:3)
  8 yaktaurs
  A merfolk (Shoals:4)
  A yak (IceCv)
  2 golden eyes (Abyss:5)
  A warg (Vaults:3)
  A small abomination (Abyss:3)
  3 wolves (IceCv)
  2 centaurs
  A bullfrog (Lair:4)
  An orc (D:6)
  5 goblins (D:5)
  A hobgoblin (D:5)
  3 bushes
  2 crawling corpses (Vaults:5)
  3 fungi
  2 lurking horrors
  14 plants
  27 starspawn tentacles
103 creatures vanquished.

Grand Total: 2360 creatures vanquished

Notes
Turn   | Place    | Note
-------+----------+-------------------------------------------
     0 | D:1      | Tarasboulda the Minotaur Fighter began the quest for the
                  | Orb.
     0 | D:1      | Reached XP level 1. HP: 19/19 MP: 0/0
   121 | D:1      | Reached XP level 2. HP: 27/27 MP: 1/1
   531 | D:1      | Reached XP level 3. HP: 33/33 MP: 2/2
   742 | D:2      | Noticed Jessica
   749 | D:1      | Killed Jessica
   749 | D:1      | Reached skill level 3 in Axes
   857 | D:2      | Reached XP level 4. HP: 32/40 MP: 3/3
   974 | D:2      | Reached skill level 1 in Throwing
  1038 | D:2      | Noticed Terence
  1046 | D:2      | Killed Terence
  1056 | D:2      | Found a shimmering altar of Xom.
  1057 | D:2      | Found a shimmering altar of Xom.
  1057 | D:2      | Found a shimmering altar of Xom.
  1059 | D:2      | Found a shimmering altar of Xom.
  1060 | D:2      | Found a shimmering altar of Xom.
  1061 | D:2      | Found a shimmering altar of Xom.
  1373 | D:2      | Found a stormy altar of Qazlal.
  1376 | D:2      | Found a blossoming altar of Fedhas.
  1379 | D:2      | Found a white marble altar of Elyvilon.
  1537 | D:2      | Noticed Natasha
  1540 | D:2      | Killed Natasha
  1540 | D:2      | Reached skill level 4 in Axes
  1540 | D:2      | Reached XP level 5. HP: 47/47 MP: 4/4
  1632 | D:2      | Noticed Natasha
  1638 | D:2      | Killed Natasha
  1688 | D:2      | Noticed Natasha
  1697 | D:2      | Killed Natasha
  1721 | D:3      | Found a faded altar of an unknown god.
  1816 | D:3      | Upgraded the game from 0.22.0-60-ga52c2fc to
                  | 0.22.0-75-g3901e79
  1843 | D:3      | Found an iron altar of Okawaru.
  1855 | D:3      | Found a hazy altar of Hepliaklqana.
  1861 | D:3      | Became a worshipper of Warmaster Okawaru
  1867 | D:3      | Found a burning altar of Makhleb.
  1875 | D:3      | Found a basalt altar of Yredelemnul.
  2433 | D:3      | Found a white marble altar of Elyvilon.
  2648 | D:4      | Noticed Edmund
  2693 | D:4      | Killed Edmund
  2693 | D:4      | Reached XP level 6. HP: 55/55 MP: 5/5
  2787 | D:4      | Noticed Eustachio
  2815 | D:4      | Killed Eustachio
  2815 | D:4      | Reached skill level 5 in Fighting
  2815 | D:4      | Reached skill level 5 in Axes
  2815 | D:4      | Reached skill level 5 in Armour
  2815 | D:4      | Reached skill level 5 in Shields
  3168 | D:4      | Reached XP level 7. HP: 52/61 MP: 6/6
  3344 | D:5      | Entered Level 5 of the Dungeon
  3539 | D:5      | Reached skill level 6 in Axes
  3584 | D:5      | Reached * piety under Okawaru
  3818 | D:5      | Reached XP level 8. HP: 66/70 MP: 7/7
  3873 | D:5      | Reached skill level 7 in Axes
  4331 | D:5      | Reached ** piety under Okawaru
  4621 | D:5      | Noticed Duvessa
  4631 | D:5      | Noticed Dowan
  4640 | D:5      | Killed Duvessa
  4640 | D:5      | Reached skill level 8 in Axes
  4655 | D:5      | Killed Dowan
  5393 | D:6      | Reached XP level 9. HP: 75/78 MP: 8/8
  5588 | D:6      | Found Dacex's Assorted Antiques.
  5700 | D:6      | Found Exun's Magic Scroll Emporium.
  5705 | D:6      | Bought a scroll of identify for 20 gold pieces
  5705 | D:6      | Bought a scroll of fog for 20 gold pieces
  6451 | D:7      | Reached *** piety under Okawaru
  6507 | D:7      | Reached skill level 9 in Axes
  6811 | D:7      | Reached skill level 5 in Throwing
  7239 | D:7      | Found a staircase to the Ecumenical Temple.
  7484 | D:8      | Received a gift from Okawaru
  7744 | D:8      | Reached skill level 10 in Axes
  8078 | D:8      | Noticed Grum
  8081 | D:8      | Killed Grum
  8081 | D:8      | Reached XP level 10. HP: 88/88 MP: 9/9
  8100 | D:8      | Reached **** piety under Okawaru
  8810 | D:9      | Found Zukkaisoss's Jewellery Shop.
  8813 | D:9      | Bought an uncursed ring of poison resistance for 320 gold
                  | pieces
  8829 | D:9      | Found Rely's Assorted Antiques.
  8986 | D:9      | Found Requbilo's Distillery.
  9545 | D:9      | Found Musi's Jewellery Shoppe.
  9671 | D:10     | Entered Level 10 of the Dungeon
  9682 | D:10     | Reached skill level 11 in Axes
  9944 | D:10     | Received a gift from Okawaru
 10361 | D:10     | Reached ***** piety under Okawaru
 10751 | D:11     | Found Ebeosaok's Book Boutique.
 10779 | D:11     | Reached XP level 11. HP: 94/97 MP: 10/10
 10805 | D:11     | Received a gift from Okawaru
 11062 | D:11     | Reached skill level 12 in Axes
 11081 | D:11     | Found Ymnaerob's Antique Armour Boutique.
 11082 | D:11     | Noticed a two-headed ogre
 11088 | D:11     | Killed a two-headed ogre
 11148 | D:11     | Noticed an eight-headed hydra
 11181 | D:11     | Killed an unseen horror
 11269 | D:11     | Found a staircase to the Lair.
 11309 | D:11     | Found a frozen archway.
 11320 | IceCv    | Entered an ice cave
 11334 | IceCv    | Received a gift from Okawaru
 11606 | IceCv    | Reached skill level 10 in Fighting
 11606 | IceCv    | Reached skill level 10 in Armour
 11611 | IceCv    | Got a heavily runed bone ring
 11639 | IceCv    | Identified the ring "Diam" {rPois rF- rC++ MR+++} (You
                  | found it in an ice cave)
 11654 | IceCv    | Reached skill level 10 in Shields
 11683 | IceCv    | Received a gift from Okawaru
 11732 | IceCv    | Reached skill level 13 in Axes
 11854 | IceCv    | Reached XP level 12. HP: 101/107 MP: 11/11
 11950 | IceCv    | Received a gift from Okawaru
 11953 | IceCv    | Got a steaming scale mail {god gift}
 11964 | IceCv    | Identified the +3 scale mail of Fortitude {rCorr} (Okawaru
                  | gifted it to you in an ice cave)
 11965 | IceCv    | Noticed a death yak
 11975 | IceCv    | Killed a death yak
 11975 | IceCv    | Reached ****** piety under Okawaru
 12364 | IceCv    | Noticed a frost giant
 12364 | IceCv    | Noticed a death yak
 12364 | IceCv    | Noticed a death yak
 12383 | IceCv    | Killed a death yak
 12402 | IceCv    | Killed a death yak
 12402 | IceCv    | Reached skill level 14 in Axes
 12411 | IceCv    | Killed a frost giant
 12446 | IceCv    | Reached skill level 15 in Axes
 13013 | D:11     | Killed an eight-headed hydra
 13051 | D:11     | Found a staircase to the Orcish Mines.
 13560 | D:11     | Found Dicadden's Jewellery Shoppe.
 13640 | D:11     | Reached skill level 16 in Axes
 13969 | D:11     | Found Veidoirph's Armour Boutique.
 14121 | Lair:1   | Entered Level 1 of the Lair of Beasts
 14150 | Lair:1   | Noticed Sonja
 14165 | Lair:1   | Noticed Nergalle
 14543 | Lair:1   | Killed Sonja
 14850 | Lair:1   | Killed Nergalle
 14901 | Lair:1   | Received a gift from Okawaru
 14901 | Lair:1   | Reached XP level 13. HP: 72/114 MP: 12/12
 15451 | Lair:2   | Received a gift from Okawaru
 15756 | Lair:2   | Received a gift from Okawaru
 16262 | Lair:3   | Reached skill level 17 in Axes
 16477 | Lair:3   | Found a staircase to the Shoals.
 17017 | Lair:3   | Received a gift from Okawaru
 17085 | Lair:3   | Identified a +2 pair of boots of running (Okawaru gifted it
                  | to you on level 3 of the Lair of Beasts)
 17407 | Lair:3   | Found a sparkling altar of Nemelex Xobeh.
 17618 | Lair:4   | Reached XP level 14. HP: 125/125 MP: 13/13
 17710 | Lair:4   | Gained mutation: Your magical capacity is low. (-10% MP)
                  | [potion of mutation]
 17710 | Lair:4   | Gained mutation: Armour fits poorly on your strangely
                  | shaped body. [potion of mutation]
 17710 | Lair:4   | Gained mutation: You passively map a small area around you.
                  | [potion of mutation]
 17854 | Lair:4   | Found a staircase to the Snake Pit.
 18487 | Lair:5   | Found a staircase to the Slime Pits.
 18726 | Lair:5   | Reached skill level 10 in Throwing
 18736 | Lair:5   | Received a gift from Okawaru
 18996 | Lair:5   | Identified a scroll of acquirement
 19699 | Lair:6   | Entered Level 6 of the Lair of Beasts
 20404 | Lair:6   | Received a gift from Okawaru
 20408 | Lair:6   | Got a crude cloak {god gift}
 20414 | Lair:6   | Identified the +0 cloak of Boiling Hail {rF+++ Int-2 Dex+4}
                  | (Okawaru gifted it to you on level 6 of the Lair of Beasts)
 20591 | Lair:6   | Reached skill level 18 in Axes
 21297 | Orc:1    | Entered Level 1 of the Orcish Mines
 21301 | Orc:1    | Reached XP level 15. HP: 135/135 MP: 12/12
 21582 | Orc:1    | Found a roughly hewn altar of Beogh.
 21703 | Orc:2    | Entered Level 2 of the Orcish Mines
 21907 | Orc:2    | Noticed an orc warlord
 21937 | Orc:2    | Killed an orc warlord
 22286 | Orc:2    | Found a roughly hewn altar of Beogh.
 22309 | Orc:2    | Found Qorraen's Antique Weapon Boutique.
 22386 | Orc:2    | Received a gift from Okawaru
 22387 | Orc:2    | Found a staircase to the Elven Halls.
 22687 | Orc:2    | Found Ahomot's Antique Armour Boutique.
 22710 | Orc:2    | Found Caziomarr's Jewellery Boutique.
 22759 | Orc:2    | Found Rasawaev's General Store.
 23007 | Orc:1    | You fall through a shaft!
 23266 | Shoals:1 | Entered Level 1 of the Shoals
 23577 | Shoals:1 | Received a gift from Okawaru
 25241 | Shoals:1 | You fall through a shaft!
 25286 | Shoals:2 | Noticed Polyphemus
 25317 | Shoals:2 | Received a gift from Okawaru
 25318 | Shoals:2 | Killed Polyphemus
 27531 | Shoals:3 | Reached XP level 16. HP: 105/146 MP: 13/13
 27637 | Shoals:3 | Reached skill level 19 in Axes
 28047 | Shoals:4 | Entered Level 4 of the Shoals
 28517 | Shoals:4 | Received a gift from Okawaru
 30597 | Shoals:4 | Identified the Catalogue of Floating Stolen Souls
 30645 | Shoals:4 | Reached skill level 15 in Armour
 30645 | Shoals:4 | Reached skill level 15 in Shields
 30654 | Shoals:4 | Reached skill level 15 in Fighting
 31012 | Shoals:4 | Identified Sif Muna's Papyrus of Helpful Weightlessness
 31147 | Shoals:4 | Got a barnacled rune of Zot
 32491 | D:12     | Noticed Maurice
 32498 | D:12     | Killed Maurice
 32675 | D:12     | Received a gift from Okawaru
 32684 | D:12     | Got a spiked crystal plate armour {god gift}
 32695 | D:12     | Identified the +10 crystal plate armour "Dasidev" {rN+}
                  | (Okawaru gifted it to you on level 12 of the Dungeon)
 33291 | D:13     | Noticed Frances
 33300 | D:13     | Killed Frances
 34085 | D:13     | Found a runed door.
 34154 | D:13     | Reached XP level 17. HP: 128/156 MP: 14/14
 34367 | D:14     | Found a shadowy altar of Dithmenos.
 34482 | D:14     | Found a gate to the Vaults.
 34910 | D:14     | Noticed Nessos
 34931 | D:14     | Killed Nessos
 35133 | D:15     | Entered Level 15 of the Dungeon
 35359 | D:15     | Found a staircase to the Depths.
 35746 | D:15     | Received a gift from Okawaru
 36148 | Snake:1  | Entered Level 1 of the Snake Pit
 36575 | Snake:1  | Received a gift from Okawaru
 38129 | Snake:2  | Found a hazy altar of Hepliaklqana.
 38351 | Snake:3  | Found Zexaism's Antique Armour Emporium.
 38351 | Snake:3  | Found Mudeubus's Antique Armour Shoppe.
 38366 | Snake:3  | Bought a brightly glowing shield for 285 gold pieces
 38382 | Snake:3  | Identified the +2 shield of Tiolyeda {Regen+ Dex+7} (You
                  | bought it in a shop on level 3 of the Snake Pit)
 38384 | Snake:3  | Bought a slimy large shield for 285 gold pieces
 38398 | Snake:3  | Identified the +2 large shield of Becsaoh {Dex+3} (You
                  | bought it in a shop on level 3 of the Snake Pit)
 38448 | Snake:3  | Reached XP level 18. HP: 127/163 MP: 15/15
 38640 | Snake:3  | Found Zoenaapn's Armour Emporium.
 39009 | Snake:3  | Received a gift from Okawaru
 39256 | Snake:4  | Entered Level 4 of the Snake Pit
 39259 | Snake:4  | Found a transporter.
 39264 | Snake:4  | Noticed Lew's ghost (adept GnFi)
 39440 | Snake:4  | Received a gift from Okawaru
 39833 | Snake:4  | Found a transporter.
 40288 | Snake:4  | Got a serpentine rune of Zot
 40527 | Snake:4  | Received a gift from Okawaru
 40536 | Snake:4  | Reached skill level 20 in Axes
 40564 | Snake:4  | Killed Lew's ghost
 40822 | Vaults:1 | Entered Level 1 of the Vaults
 41100 | Vaults:1 | Got a warped broad axe
 41102 | Vaults:1 | Identified the +4 broad axe "Worm" {chop, rElec rPois rN+
                  | Int+3} (You acquired it on level 1 of the Vaults)
 41266 | Vaults:1 | Received a gift from Okawaru
 41322 | Vaults:1 | Reached XP level 19. HP: 167/172 MP: 16/16
 41886 | Vaults:1 | Received a gift from Okawaru
 42924 | Temple   | Entered the Ecumenical Temple
 43128 | Temple   | Fell from the grace of Okawaru
 43129 | Temple   | Became a worshipper of Uskayaw the Reveler
 43523 | Vaults:2 | Reached * piety under Uskayaw
 43527 | Vaults:2 | Reached ** piety under Uskayaw
 43529 | Vaults:2 | Reached skill level 15 in Throwing
 43531 | Vaults:2 | Reached *** piety under Uskayaw
 43535 | Vaults:2 | Reached **** piety under Uskayaw
 44315 | Vaults:2 | Reached ***** piety under Uskayaw
 44327 | Vaults:2 | Reached ****** piety under Uskayaw
 44931 | Vaults:3 | Found Sukhisiq's Food Emporium.
 45344 | Vaults:3 | Found a staircase to the Crypt.
 45485 | Vaults:3 | Reached XP level 20. HP: 184/184 MP: 17/17
 46075 | Vaults:4 | Noticed Sojobo
 46085 | Vaults:4 | Killed Sojobo
 46200 | Vaults:4 | Reached skill level 21 in Axes
 46599 | Vaults:4 | Found Vemutup's Food Boutique.
 47580 | Vaults:5 | Entered Level 5 of the Vaults
 47593 | Vaults:5 | Reached XP level 21. HP: 195/195 MP: 17/17
 47599 | Vaults:5 | Noticed a golden dragon
 47618 | Vaults:5 | Killed a golden dragon
 47637 | Vaults:5 | Noticed Margery
 47641 | Vaults:5 | Noticed a golden dragon
 47644 | Vaults:5 | Killed Margery
 47644 | Vaults:5 | Reached skill level 22 in Axes
 48069 | Vaults:5 | Noticed a golden dragon
 48071 | Vaults:5 | Killed a golden dragon
 48272 | Vaults:5 | Killed a golden dragon
 48569 | Vaults:5 | Noticed an ancient lich
 48585 | Vaults:4 | Killed an ancient lich
 48734 | Vaults:5 | Reached XP level 22. HP: 141/206 MP: 18/18
 48943 | Vaults:5 | Noticed Boris
 48974 | Vaults:5 | Killed Boris
 48995 | Vaults:5 | Noticed an ancient lich
 49182 | Vaults:4 | Killed an ancient lich
 49495 | Vaults:5 | Reached skill level 23 in Axes
 49647 | Vaults:5 | Was forgiven by Okawaru
 50112 | Vaults:5 | Got a silver rune of Zot
 50151 | Vaults:5 | Identified the Reference Book on the Destructive Compass
 50904 | Elf:1    | Entered Level 1 of the Elven Halls
 51334 | Elf:1    | Found a magical portal.
 51589 | WizLab   | Entered The Roulette of Golubria
 51589 | WizLab   | Found a transporter.
 51596 | WizLab   | Found a corrupted altar of Lugonu.
 51626 | WizLab   | Found a transporter.
 51626 | WizLab   | Found a transporter.
 51687 | WizLab   | Found a corrupted altar of Lugonu.
 51705 | WizLab   | Found a transporter.
 51733 | WizLab   | Found a transporter.
 51778 | WizLab   | Found a transporter.
 51815 | WizLab   | Found a transporter.
 51854 | WizLab   | Found a transporter.
 51893 | WizLab   | Found a transporter.
 52101 | WizLab   | Found a transporter.
 52176 | WizLab   | Found a transporter.
 52201 | WizLab   | Identified the Collected Works on Burning Shape Shifting
 52214 | WizLab   | Found a transporter.
 52240 | WizLab   | Found a transporter.
 52249 | WizLab   | Cast into level 2 of the Abyss (wizard)
 52318 | Abyss:2  | Got a brightly glowing hand axe
 52319 | Abyss:2  | Identified the +4 hand axe of Wounding {flame, rC+ Int+6}
                  | (You found it on level 2 of the Abyss)
 52899 | Abyss:2  | Found a corrupted altar of Lugonu.
 53076 | Abyss:3  | Reached XP level 23. HP: 217/217 MP: 19/19
 53330 | Abyss:3  | Gained mutation: You are partially covered in thin metallic
                  | scales. (AC +2) [a cacodemon]
 53669 | Abyss:3  | Found a shattered altar of Ashenzari.
 53749 | Abyss:4  | Found a corrupted altar of Lugonu.
 53923 | Abyss:4  | Reached skill level 24 in Axes
 54042 | Abyss:5  | Entered Level 5 of the Abyss
 54509 | Abyss:5  | Found a corrupted altar of Lugonu.
 54594 | WizLab   | Escaped the Abyss
 54814 | WizLab   | Found a transporter.
 54850 | WizLab   | Found a transporter.
 54852 | WizLab   | Paralysed by an eldritch tentacle for 2 turns
 54892 | WizLab   | Got a brightly glowing cloak
 54903 | WizLab   | Identified the cursed +0 cloak "Lemm" {rCorr Int+2} (You
                  | found it in a wizard's laboratory)
 54916 | WizLab   | Got a polished cloak
 54922 | WizLab   | Identified the +2 cloak of Love and Death {*Slow +Fly rC++
                  | Int+4} (You found it in a wizard's laboratory)
 54952 | WizLab   | Found a transporter.
 54952 | WizLab   | Found a transporter.
 55219 | Elf:2    | Found Aly Tuy's Jewellery Boutique.
 55560 | Elf:2    | Found a runed gate.
 55560 | Elf:2    | Found a runed gate.
 55561 | Elf:2    | Found a runed gate.
 55955 | Elf:3    | Entered Level 3 of the Elven Halls
 56062 | Elf:3    | Reached XP level 24. HP: 214/230 MP: 19/19
 56068 | Elf:3    | Gained mutation: You have very sharp teeth. [a shining eye]
 56168 | Elf:3    | Noticed Saint Roka
 56188 | Elf:3    | Killed Saint Roka
 56508 | Elf:3    | Noticed Roxanne
 56519 | Elf:3    | Killed Roxanne
 56520 | Elf:3    | Identified Roxanne's Handbook of Transmigration (You took
                  | it off Roxanne on level 3 of the Elven Halls)
 56918 | Elf:3    | HP: 10/232 [hellion/damnation[a deep elf demonologist]
                  | (20)]
 56920 | Elf:3    | Killed from afar by a hellion

Skill      XL: |  1  2  3  4  5  6  7  8  9 10 11 12 13 14 15 16 17 18 19 20 21 22 23 |
---------------+----------------------------------------------------------------------+-----
Armour         | 4 5 6 8 9 10 12 13 14 15 18 19 20 21 22 | 22.2
Shields        | 4 5 6 7 9 10 11 13 14 15 17 18 19 20 21 | 21.1
Fighting       | 4 5 6 8 9 10 11 13 14 15 16 17 18 19 20 22 | 22.2
Axes           | 3 4 5 6 8 10 11 13 16 17 18 19 20 21 22 23 24 | 24.7
Throwing       | 1 2 3 4 5 6 7 8 9 10 11 12 14 15 16 17 18 | 18.2

Action                   |  1- 3 |  4- 6 |  7- 9 | 10-12 | 13-15 | 16-18 | 19-21 | 22-24 || total
-------------------------+-------+-------+-------+-------+-------+-------+-------+-------++-------
Melee: War axe           |    85 |   100 |   433 |   665 |   595 |       |       |       ||  1878
       Headbutt          |    14 |    11 |    77 |   177 |   379 |   583 |   452 |   522 ||  2215
       Battleaxe         |       |       |       |    47 |       |       |       |       ||    47
       Broad axe         |       |       |       |       |   803 |  1676 |  1136 |  1331 ||  4946
       Trident           |       |       |       |       |     7 |       |       |       ||     7
       Bite              |       |       |       |       |       |       |       |    18 ||    18
Throw: Tomahawk          |       |       |    10 |    13 |     2 |       |       |       ||    25
       Javelin           |       |       |     1 |    18 |    58 |    18 |     3 |     2 ||   100
Invok: Heroism           |       |       |     1 |    10 |    10 |     6 |       |       ||    27
       Finesse           |       |       |       |     1 |       |     2 |       |       ||     3
       Renounce Religion |       |       |       |       |       |       |     1 |       ||     1
       Grand Finale      |       |       |       |       |       |       |     4 |       ||     4
       Line Pass         |       |       |       |       |       |       |     1 |       ||     1
Evoke: Wand              |       |       |       |       |       |       |       |     1 ||     1
  Use: Scroll            |       |     5 |     5 |    17 |    11 |     5 |     1 |     6 ||    50
       Potion            |       |       |       |     3 |     3 |     3 |     3 |     6 ||    18
 Stab: Petrified         |       |       |       |       |    10 |       |       |       ||    10
       Petrifying        |       |       |       |       |     1 |       |       |       ||     1
       Paralysed         |       |       |       |       |       |       |   105 |   100 ||   205
       Distracted        |       |       |       |       |       |       |     1 |     2 ||     3
  Eat: Chunk             |       |     5 |    11 |    19 |    24 |    20 |    10 |    13 ||   102
       Ration            |       |     1 |     1 |     1 |     5 |     7 |     5 |     4 ||    24
Armor: Scale mail        |    35 |    41 |   123 |    78 |    64 |       |       |       ||   341
       Plate armour      |       |       |       |   182 |       |       |       |       ||   182
       Chain mail        |       |       |       |    46 |       |       |       |       ||    46
       Swamp dragon scal |       |       |       |       |   186 |    99 |       |       ||   285
       Crystal plate arm |       |       |       |       |       |   352 |   483 |   503 ||  1338
Dodge: Dodged            |    22 |    29 |   106 |   153 |   176 |   146 |   170 |   100 ||   902
Block: Shield            |    47 |    80 |   353 |   285 |       |   449 |  1074 |   983 ||  3271
       Reflection        |       |     2 |    38 |    10 |    44 |   225 |   109 |    66 ||   494
       Large shield      |       |       |       |   333 |  1329 |  1201 |       |       ||  2863
       Other             |       |       |       |    11 |       |       |       |       ||    11
